 Dungeon Crawl Stone Soup version 0.15-a0-1345-gc375f20 (webtiles) character file.

21100 Qrupt the Cleaver (level 12, -8/106 HPs)
             Began as a Minotaur Gladiator on June 8, 2014.
             Was an Elder of Nemelex Xobeh.
             Mangled by an ice devil (29 damage)
             ... summoned by an orc high priest
             ... on Level 4 of the Orcish Mines.
             The game lasted 01:01:15 (20049 turns).

Qrupt the Cleaver (Minotaur Gladiator)             Turns: 20049, Time: 01:01:19

HP  -8/106       AC 18     Str 27      XL: 12   Next: 51%
MP  23/23        EV 10     Int  5      God: Nemelex Xobeh [****..]
Gold 1201        SH  0     Dex 12      Spells:  0 memorised, 11 levels left

rFire  + . .     SeeInvis .     a - +0 war axe
rCold  . . .     Clarity  .     P - +1 plate armour {rF+}
rNeg   . . .     rCorr    .     (no shield)
rPois  .         rRot     .     c - +0 hat
rElec  .         Spirit   .     u - +0 cloak
SustAb .         Warding  .     y - +0 pair of gloves
rMut   .         Stasis   .     (no boots)
Gourm  .                        Z - amulet of rage
MR     .....                    U - +3 ring of evasion
                                M - +3 ring of strength

@: not resistant to hostile enchantments, extremely unstealthy
A: retaliatory headbutt, horns 2
a: Draw One, Peek at Two, Triple Draw, Deal Four, Renounce Religion, Evoke
Berserk Rage


You were on level 4 of the Orcish Mines.
You worshipped Nemelex Xobeh.
Nemelex Xobeh was greatly pleased with you.
You were very hungry.

You visited 4 branches of the dungeon, and saw 18 of its levels.
You visited 1 bazaar.

You collected 2131 gold pieces.
You spent 930 gold pieces at shops.

Inventory:

Hand weapons
 a - a +0,+0 war axe (weapon)
 H - a +2,+5 hand axe of venom
Armour
 c - a +0 hat (worn)
 u - a +0 cloak (worn)
 y - a +0 pair of gloves (worn)
 P - a +1 plate armour of fire resistance (worn)
Magical devices
 b - a wand of fireball (1)
 h - a wand of lightning (4)
 E - a wand of teleportation (8)
 S - a wand of cold (5)
Comestibles
 f - 8 bread rations
 g - a rotting chunk of orc flesh
 i - 8 meat rations
 n - 2 rotting chunks of orc flesh
 v - 9 slices of pizza
 C - 2 royal jellies
Scrolls
 e - 9 scrolls of identify
 j - 4 scrolls of enchant weapon I
 k - a scroll of recharging
 m - 3 scrolls of fog
 o - a scroll of amnesia
 t - 3 scrolls of teleportation
 x - a scroll of enchant armour
 D - 2 scrolls of magic mapping
 I - a scroll of enchant weapon II
 X - a scroll of remove curse
Jewellery
 r - a cursed ring of protection from cold
 z - an uncursed ring of magical power
 J - an uncursed amulet of faith
 K - an uncursed ring of teleportation
 M - a +3 ring of strength (left hand)
 U - a +3 ring of evasion (right hand)
 Z - an amulet of rage (around neck)
Potions
 l - 2 potions of agility
 p - a potion of brilliance
 q - 3 potions of restore abilities
 s - 2 potions of flight
 A - 3 potions of curing
 W - a potion of might
Books
 d - a book of the Warp

   Spells                             Type                      Level
   Control Teleport                   Charms/Translocation         4
   Phase Shift                        Translocation                5
   Warp Weapon                        Charms/Translocation         5
   Dispersal                          Translocation                6
   Controlled Blink                   Translocation                7
   Disjunction                        Translocation                8
 N - a book of Debilitation

   Spells                             Type                      Level
   Corona                             Hexes                        1
   Slow                               Hexes                        2
   Inner Flame                        Hexes/Fire                   3
   Enslavement                        Hexes                        4
   Cause Fear                         Hexes                        4
   Leda's Liquefaction                Hexes/Earth                  4
 R - a book of Alchemy

   Spells                             Type                      Level
   Sublimation of Blood               Necromancy                   2
   Alistair's Intoxication            Transmutation/Poison         4
   Condensation Shield                Ice                          4
   Petrify                            Transmutation/Earth          4
   Ignite Poison                      Fire/Transmutation           5
Miscellaneous
 T - an ornate deck of escape
 V - an ornate deck of war {drawn: 1}


   Skills:
 - Level 10.1 Fighting
 - Level 14.4 Axes
 - Level 2.0 Throwing
 - Level 10.6 Armour
 - Level 3.2 Dodging
 + Level 11.9 Evocations


You had 11 spell levels left.
You didn't know any spells.

Dungeon Overview and Level Annotations

Branches:
Dungeon (12/15)            Temple (1/1) D:4             Orc (4/4) D:10
   Lair (1/8) D:8
    Elf: Orc:3-4

Altars:
Ashenzari
Cheibriados
Dithmenos
Elyvilon
Fedhas
Gozag
Kikubaaqudgha
Makhleb
Nemelex Xobeh
Okawaru
Qazlal
Sif Muna
Trog
Vehumet
Xom
Yredelemnul
Zin
The Shining One
Jiyva

Shops:
D:7 *   Orc:2 ?   Orc:4 [=(}:

Annotations:
D:6 exclusion: oklob plant


Innate Abilities, Weirdness & Mutations

You reflexively headbutt those who attack you in melee.
You have a pair of horns on your head.


Message History

The orc high priest mumbles some strange prayers to Beogh against you.
Pain shoots through your body!
* * * LOW HITPOINT WARNING * * *
You hit the orc high priest.
The orc high priest is moderately wounded.
The orc high priest mumbles some strange prayers to Beogh.
You slash the ice devil!
The ice devil is lightly wounded.
You barely miss the orc high priest.
The orc high priest is moderately wounded.
The orc high priest hits you but does no damage.
You hit the ice devil but do no damage.
The ice devil is lightly wounded.
You hit the orc high priest. You headbutt the orc high priest!
The orc high priest is moderately wounded.
The ice devil hits you!
* * * LOW HITPOINT WARNING * * *
The ice devil freezes you!!
You die...
Your body glows with a rainbow of weird colours and disappears.

...............#.#####.## #...
........########## ### ####
........# ####### ........#
###.....### ........#
###.........### ## ....##)[#
##.............## ##. .......[#
#...............###..
.....[..###∩#.#3#.#.#.#.#.#.#.#)#
........##∩...4)@................
........###.#..o...........(#.#..
........##∩......................
....∩...###∩#.#.#.#.#.#.#.#.#.#.#
........# # #...............###..
........# ##.............## ##.
........# ###.........## ##
........# ##... .## ....##..#


You could see an ice devil, an orc high priest and a blue devil.

Vanquished Creatures
  4 orc high priests (Orc:4)
  The ghost of oplop the Thaumaturge, a powerful VSEn of Ashenzari (D:10)
  Pikel (D:8)
  5 orc knights (Orc:4)
  2 hill giants
  An orc sorcerer (Orc:2)
  A spiny frog (Lair:1)
  A troll (D:10)
  A two-headed ogre (D:10)
  11 yaks
  A wyvern (D:11)
  A deep elf mage (D:12)
  2 steam dragons
  4 hippogriffs
  A deep elf fighter (D:8)
  A porcupine (Lair:1)
  A water moccasin (D:7)
  A black bear (D:6)
  3 ice beasts
  39 orc warriors
  A sky beast (D:5)
  2 slaves (D:8)
  3 centaurs
  A phantom (D:3)
  8 ogres
  A boring beetle (Orc:4)
  4 giant frogs
  Blork the orc (D:5)
  A crocodile (Lair:1)
  A water moccasin zombie (D:6)
  3 scorpions
  10 killer bees
  7 crimson imps
  A centaur zombie (D:7)
  2 goliath beetles
  4 hounds
  A quasit (D:10)
  9 jellies
  35 orc priests
  A centaur skeleton (D:8)
  3 iguanas
  26 orc wizards
  Natasha (thrice) (D:5)
  7 worker ants
  A big kobold zombie (D:10)
  An ogre zombie (D:6)
  A hound skeleton (D:8)
  2 mummies
  A worker ant zombie (D:4)
  13 gnolls
  7 adders
  A giant mite (D:6)
  9 green rats
  2 inept item mimics
  3 shadow imps
  4 worms
  An inept feature mimic (D:4)
  An iguana zombie (D:5)
  An adder skeleton (D:7)
  An orc skeleton (D:7)
  7 giant geckos
  18 oozes
  205 orcs
  2 ball pythons
  5 giant cockroaches
  17 goblins
  18 hobgoblins
  19 jackals
  16 kobolds
  22 bats
  2 giant newts (D:7)
  A giant spore (D:10)
  A hobgoblin zombie (Orc:2)
  An orc zombie (D:8)
  3 quokkas
  A quokka skeleton (D:9)
  25 rats
  6 ballistomycetes
  2 plants
637 creatures vanquished.

Vanquished Creatures (collateral kills)
  A hill giant (D:10)
1 creature vanquished.

Vanquished Creatures (others)
  A phantom (D:10)
  2 slaves (D:8)
  An orc warrior (D:8)
  A worker ant (D:8)
  A giant spore (D:11)
  8 fungi (D:6)
14 creatures vanquished.

Grand Total: 652 creatures vanquished

Notes
Turn   | Place    | Note
--------------------------------------------------------------
     0 | D:1      | Qrupt, the Minotaur Gladiator, began the quest for the Orb.
     0 | D:1      | Reached XP level 1. HP: 18/18 MP: 1/1
    99 | D:1      | Reached skill level 4 in Axes
   155 | D:1      | Reached XP level 2. HP: 25/25 MP: 1/1
   501 | D:2      | Reached skill level 5 in Axes
   548 | D:2      | Reached XP level 3. HP: 22/30 MP: 2/2
  1327 | D:3      | Reached skill level 6 in Axes
  1327 | D:3      | Reached XP level 4. HP: 16/37 MP: 2/2
  1797 | D:3      | Noticed a phantom
  1801 | D:3      | Killed a phantom
  1801 | D:3      | Reached skill level 7 in Axes
  1801 | D:3      | Reached XP level 5. HP: 28/42 MP: 2/2
  2603 | D:4      | Noticed an ogre
  2613 | D:4      | Killed an ogre
  2613 | D:4      | Reached skill level 8 in Axes
  2613 | D:4      | Reached XP level 6. HP: 50/50 MP: 3/3
  2971 | D:4      | Reached skill level 9 in Axes
  3092 | D:4      | Got a fine ivory ring
  3104 | D:4      | Found a staircase to the Ecumenical Temple.
  3243 | Temple   | Entered the Ecumenical Temple
  3419 | Temple   | Identified the ring of Dishonour {Contam Int-2 Stlth+} (You found it on level 4 of the Dungeon)
  3429 | Temple   | Became a worshipper of Nemelex Xobeh the Trickster
  3489 | D:4      | Received a gift from Nemelex Xobeh
  3832 | D:4      | Reached XP level 7. HP: 32/56 MP: 3/3
  4003 | D:5      | Entered Level 5 of the Dungeon
  4143 | D:5      | Reached skill level 10 in Axes
  4458 | D:5      | Noticed Natasha
  4463 | D:5      | Killed Natasha
  4531 | D:5      | Reached skill level 11 in Axes
  4569 | D:5      | Noticed Blork the orc
  4579 | D:5      | Killed Blork the orc
  4664 | D:5      | Found a viscous altar of Jiyva.
  4665 | D:5      | Acquired Nemelex Xobeh's first power
  4669 | D:5      | Reached XP level 8. HP: 28/62 MP: 3/3
  4858 | D:5      | Noticed Natasha
  4866 | D:5      | Killed Natasha
  4960 | D:5      | Noticed Natasha
  4966 | D:5      | Killed Natasha
  5001 | D:6      | Received a gift from Nemelex Xobeh
  5057 | D:6      | Noticed an oklob plant
  5164 | D:6      | Reached skill level 12 in Axes
  5554 | D:6      | Found a shattered altar of Ashenzari.
  5568 | D:6      | Reached skill level 13 in Axes
  5770 | D:6      | Found a glowing drain.
  6193 | D:7      | Reached XP level 9. HP: 63/68 MP: 4/4
  6204 | D:7      | Found Grieb's Assorted Antiques.
  6245 | D:7      | Reached skill level 14 in Axes
  6872 | D:7      | Reached skill level 1 in Armour
  7150 | D:7      | Acquired Nemelex Xobeh's second power
  7725 | D:7      | Reached skill level 5 in Armour
  8010 | D:8      | Reached skill level 5 in Fighting
  8040 | D:8      | Received a gift from Nemelex Xobeh
  8100 | D:8      | Noticed Pikel
  8121 | D:8      | Killed Pikel
  8121 | D:8      | Reached XP level 10. HP: 39/83 MP: 4/4
  8715 | D:8      | Found a basalt altar of Yredelemnul.
  8874 | D:8      | Found a radiant altar of Vehumet.
  8874 | D:8      | Found an ancient bone altar of Kikubaaqudgha.
  8927 | D:8      | Found a staircase to the Lair.
  9127 | Lair:1   | Entered Level 1 of the Lair of Beasts
  9446 | Lair:1   | Noticed a four-headed hydra
  9910 | D:9      | Received a gift from Nemelex Xobeh
 10048 | D:9      | Acquired Nemelex Xobeh's third power
 10436 | D:10     | Entered Level 10 of the Dungeon
 10574 | D:10     | Noticed oplop's ghost (powerful VSEn)
 10615 | D:11     | Received a gift from Nemelex Xobeh
 11021 | D:10     | Found a staircase to the Orcish Mines.
 11123 | D:10     | Noticed a hill giant
 11129 | D:10     | Noticed a hill giant
 11149 | D:9      | HP: 4/91 [hippogriff (8)]
 11428 | D:9      | Reached skill level 10 in Armour
 11717 | D:10     | Noticed Qrupt's illusion
 11724 | D:10     | Killed a hill giant
 11724 | D:10     | Reached XP level 11. HP: 61/97 MP: 2/4
 11865 | D:10     | Killed oplop's ghost
 11980 | D:10     | Killed a hill giant
 11980 | D:10     | Reached skill level 10 in Fighting
 12058 | D:11     | Reached skill level 1 in Evocations
 12081 | D:11     | Found a flickering gateway to a bazaar.
 12088 | Bazaar   | Entered a bazaar
 12088 | Bazaar   | Found Plog's Armour Boutique.
 12088 | Bazaar   | Found Psitoim's Antique Weapon Shop.
 12088 | Bazaar   | Found Qudev's Antique Armour Shop.
 12088 | Bazaar   | Received a gift from Nemelex Xobeh
 12088 | Bazaar   | Acquired Nemelex Xobeh's fourth power
 12107 | Bazaar   | Bought a glowing plate armour for 828 gold pieces
 12247 | D:11     | Noticed a hill giant
 12254 | D:11     | Killed a hill giant
 12646 | D:11     | Received a gift from Nemelex Xobeh
 13298 | Orc:1    | Entered Level 1 of the Orcish Mines
 13310 | D:10     | Reached skill level 5 in Evocations
 14076 | Orc:1    | Received a gift from Nemelex Xobeh
 14598 | Orc:2    | Found Ekhlaxze's Magic Scroll Shop.
 14941 | Orc:2    | Received a gift from Nemelex Xobeh
 14977 | Orc:2    | Bought a scroll of remove curse for 51 gold pieces
 14977 | Orc:2    | Bought a scroll of remove curse for 51 gold pieces
 15573 | Orc:4    | Entered Level 4 of the Orcish Mines
 15621 | Orc:3    | Received a gift from Nemelex Xobeh
 15805 | Orc:4    | Found Vaenaihu's Antique Armour Emporium.
 17539 | Orc:4    | Noticed an orc high priest
 17671 | Orc:4    | Killed an orc high priest
 17671 | Orc:4    | Reached XP level 12. HP: 83/106 MP: 19/21
 17998 | Orc:4    | Noticed an orc high priest
 18252 | Orc:4    | Reached skill level 10 in Evocations
 18337 | Orc:4    | Noticed an orc high priest
 18360 | Orc:4    | Killed an orc high priest
 19746 | Orc:4    | Killed an orc high priest
 20032 | Orc:4    | Noticed an orc high priest
 20034 | Orc:4    | Found Liudwyest's Jewellery Shoppe.
 20034 | Orc:4    | Found Sijuf's Antique Weapon Emporium.
 20034 | Orc:4    | Found Cismatod's Book Shoppe.
 20035 | Orc:4    | Noticed an orc high priest
 20035 | Orc:4    | Found Grof's Gadget Shoppe.
 20044 | Orc:4    | Killed an orc high priest
 20049 | Orc:4    | Mangled by an ice devil

Action                   |  1- 3 |  4- 6 |  7- 9 | 10-12 || total
-------------------------+-------+-------+-------+-------++-------
Melee: War axe           |    63 |   153 |   418 |  1129 ||  1763
Throw: Throwing net      |       |     2 |       |     1 ||     3
Invok: Draw One          |       |       |       |    11 ||    11
Evoke: Wand              |       |       |       |     9 ||     9
  Use: Scroll            |       |     1 |       |    22 ||    23
       Potion            |       |       |     6 |     5 ||    11
